 Dungeon Crawl Stone Soup version 0.31-a0-1178-gc5c9b8f871 (webtiles) character file.

Game seed: 12350011280351536941

16 qw the Shooter (level 2, -4/17 HPs)
             Began as a Gargoyle Hunter on Dec 11, 2023.
             Slain by Natasha (7 damage)
             ... on level 2 of the Dungeon.
             The game lasted 00:00:17 (825 turns).

qw the Shooter (Gargoyle Hunter)                     Turns: 825, Time: 00:00:18

Health: -4/17      AC:  8    Str: 14    XL:     2   Next: 58%
Magic:  2/2        EV: 10    Int:  9    God:
Gold:   60         SH:  0    Dex: 13    Spells: 1/1 levels left

rFire   . . .        a - +0 shortbow
rCold   . . .        (shield currently unavailable)
rNeg    + . .        i - +0 ring mail
rPois   inf          (no helmet)
rElec   +            (no cloak)
rCorr   .            (no gloves)
SInv    .            e - +0 pair of boots
Will    .....        (no amulet)
Stlth   +            (no ring)
HPRegen 0.22/turn    (no ring)
MPRegen 0.08/turn

%: no passive effects
@: brilliant, slowed, very slow
A: sickness immunity, AC +2, negative energy resistance 1, electricity
resistance, torment resistance 1, petrification resistance
a: no special abilities


You were on level 2 of the Dungeon.
You visited 1 branch of the dungeon, and saw 2 of its levels.

You collected 60 gold pieces.


Innate Abilities, Weirdness & Mutations

You are immune to sickness and miasma.
Your stone body is resilient. (AC +2)
You are immune to poison.
You resist negative energy. (rN+)
You are resistant to electric shocks. (rElec)
You are resistant to unholy torment.
You are immune to petrification.


   Skills:
 - Level 2.1 Fighting
 - Level 4.7 Ranged Weapons
 + Level 0.0 Armour
 - Level 1.5 Dodging
 - Level 1.1 Stealth


You had one spell level left.
You didn't know any spells.
Your spell library was empty.

Inventory:

Hand Weapons
 a - a +0 shortbow (weapon)
Armour
 e - a +0 pair of boots (worn)
 i - a +0 ring mail (worn)
Potions
 g - a potion of mutation
 h - a potion of curing

Dungeon Overview and Level Annotations

Branches:
Dungeon (2/15)

Altars:

Annotations:
D:2 Natasha


Message History

Enter note:
Enter note: You shoot an arrow.
The arrow hits Natasha!
Natasha is heavily wounded.
You shoot an arrow. The arrow hits Natasha.
Natasha is heavily wounded.
Natasha howls an incantation.
Natasha shimmers violently.
You shoot an arrow.
The arrow hits Natasha but does no damage.
Natasha is heavily wounded.
Natasha stares at you and mumbles some strange words.
You feel yourself slow down.
You shoot an arrow.
The arrow hits Natasha but does no damage.
Natasha is heavily wounded.
Natasha claws you but does no damage.
You shoot an arrow. The arrow barely misses Natasha.
Natasha completely misses you. Natasha barely misses you.
You shoot an arrow. The arrow barely misses Natasha.
Natasha claws you but does no damage.
You shoot an arrow. The arrow closely misses Natasha.
Natasha casts a spell at you. The magic dart hits you.
Natasha stares at you and mumbles some strange words.
You feel as though you will be slow longer.
You shoot an arrow.
The arrow hits Natasha but does no damage.
Natasha is heavily wounded.
Natasha howls an incantation.
You feel troubled. Natasha claws you but does no damage.
Natasha closely misses you.
You shoot an arrow. The arrow hits Natasha.
Natasha is severely wounded.
Natasha claws you. Natasha claws you!
825 ||| DRINKING fuming grey potion.
It was a potion of brilliance.
You feel clever all of a sudden. Natasha claws you!
You die...
Natasha curls up and begins to purr.

#.# #.## #.# #.# #.#
#.# #.# #.# #.#
#.######## .
#......... ...
#..#############.....
#..# #.......@h?....!
#..# #.######..##....
#..# #.# #..# #
#..###.######..#
#..............#
#...##.##.###..#
#....##.# # #..#
........... ....
###....##.#.


You could see Natasha.

Vanquished Creatures
  An endoplasm (D:1)
  A hobgoblin (D:1)
  A quokka (D:1)
  3 ball pythons (D:1)
  2 bats (D:1)
  6 frilled lizards (D:1)
  A goblin (D:1)
  6 rats (D:1)
21 creatures vanquished.

Notes
Turn   | Place    | Note
-------+----------+-------------------------------------------
     0 | D:1      | qw the Gargoyle Hunter began the quest for the Orb.
     0 | D:1      | Reached XP level 1. HP: 12/12 MP: 1/1
     0 | D:1      | 0 ||| qw: Version: 0.3-a-106-g2cfff9e
     0 | D:1      | 0 ||| qw: Game counter: 2042
     0 | D:1      | 0 ||| qw: Melee chars always use a shield: true
     0 | D:1      | 0 ||| qw: God list: Okawaru
     0 | D:1      | 0 ||| qw: Allow faded altars: false
     0 | D:1      | 0 ||| qw: Do Orc after clearing Dungeon:15 true
     0 | D:1      | 0 ||| qw: Do second Lair branch before Depths: true
     0 | D:1      | 0 ||| qw: Lair rune preference: random
     0 | D:1      | 0 ||| qw: Goals: Normal, Save, Zot:1-4, Win
     0 | D:1      | 0 ||| PLANNING D:1-11
   133 | D:1      | HP: 1/12 [goblin/+0 club (3)]
   194 | D:1      | Reached XP level 2. HP: 17/17 MP: 2/2
   725 | D:1      | 725 ||| UPGRADING to +0 pair of boots.
   730 | D:1      | 730 ||| UPGRADING to +0 ring mail.
   740 | D:1      | 740 ||| DROPPING +0 leather armour.
   741 | D:1      | 741 ||| READING 2 scrolls labelled LEMIERENT KUCH.
   741 | D:1      | 741 ||| IDENTIFYING fuming purple potion
   742 | D:1      | 742 ||| READING scroll of identify.
   742 | D:1      | 742 ||| IDENTIFYING smoky puce potion
   743 | D:1      | 743 ||| READING scroll labelled LAFUAKHLAMM.
   744 | D:1      | 744 ||| DROPPING scroll of butterflies.
   815 | D:2      | Noticed Natasha
   824 | D:2      | HP: 2/17 [Natasha (8)]
   825 | D:2      | 825 ||| DRINKING fuming grey potion.
   825 | D:2      | Slain by Natasha

Levels and vault maps discovered:
D:1:      erik_arrival_triangle_small, layout_loops_cross, nrook_mini_vaults,
          minmay_misc_feat_tower
D:2:      layout_loops_ring, uniq_natasha, uniq_sigmund

Action                     || total
---------------------------++-------
   Fire: Shortbow          ||    71
    Use: Scroll            ||     3
         Potion            ||     1
 Armour: Leather armour    ||    23
         Ring mail         ||     7
  Dodge: Dodged            ||    31

Table legend:
 A = Non-vault XP
 B = Vault XP
 C = Vault XP percentage of total XP
 D = Non-vault monster count
 E = Vault monster count
 F = Vault count percentage of total count
                 A         B        C        D         E       F
            +---------+---------+-------+---------+---------+-------
      Total |      24 |       0 |   0.0 |      21 |       0 |   0.0
            +---------+---------+-------+---------+---------+-------
        D:1 |      24 |       0 |   0.0 |      21 |       0 |   0.0
            +---------+---------+-------+---------+---------+-------
